| TOP OF THE 1ST |
|
Baltimore Orioles batting - Pitching for Detroit Tigers : LHP Eddie Grape
|
|
Pitching: LHP Eddie Grape
|
|
|
Batting: RHB Andres Leon
|
0-0: Ball 1-0: Called Strike 1-1: Ball 2-1: Fly out, F7 (Flyball, 7S, EV 78.8 MPH)
|
|
Batting: RHB Marc Peckermark
|
0-0: Ball 1-0: Foul Ball, location: 2F 1-1: Called Strike 1-2: Strikes out swinging
|
|
Batting: SHB Jason Hayes
|
0-0: Fly out, F7 (Flyball, 7S, EV 85.0 MPH)
|
| Top of the 1st over - 0 runs, 0 hits, 0 errors, 0 left on base; Baltimore 0 - Detroit 0 |
| BOTTOM OF THE 1ST |
|
Detroit Tigers batting - Pitching for Baltimore Orioles : RHP Sean Parks
|
|
Pitching: RHP Sean Parks
|
|
|
Batting: RHB Greg Harman
|
0-0: Called Strike 0-1: Called Strike 0-2: Ball 1-2: Strikes out swinging
|
|
Batting: LHB Morgan Black
|
0-0: Called Strike 0-1: Ball 1-1: Ground out 6-3 (Groundball, 6, EV 83.8 MPH)
|
|
Batting: LHB Emmanuel Gaskin
|
0-0: Called Strike 0-1: Ball 1-1: SOLO HOME RUN (Line Drive, 9D, EV 99.4 MPH), Distance : 372 ft
|
|
Batting: RHB Ryan Neal
|
0-0: Ball 1-0: Ball 2-0: Ball 3-0: Base on Balls
|
|
Batting: RHB Luke Feeney
|
0-0: Ball 1-0: Called Strike 1-1: Ball 2-1: Called Strike 2-2: Fly out, F8 (Line Drive, 8RD, EV 90.6 MPH)
|
| Bottom of the 1st over - 1 run, 1 hit, 0 errors, 1 left on base; Baltimore 0 - Detroit 1 |
| TOP OF THE 2ND |
|
Baltimore Orioles batting - Pitching for Detroit Tigers : LHP Eddie Grape
|
|
Batting: LHB Brad Pepin
|
0-0: Called Strike 0-1: Ball 1-1: Fly out, F9 (Flyball, 9LM, EV 94.4 MPH)
|
|
Batting: RHB Kevin Howard
|
0-0: Ground out 1-3 (Groundball, 15S, EV 63.8 MPH)
|
|
Batting: RHB Alex Rodriguez Jr.
|
0-0: Foul Ball, location: 2F 0-1: Ball 1-1: Ground out 6-3 (Groundball, 6, EV 86.2 MPH)
|
| Top of the 2nd over - 0 runs, 0 hits, 0 errors, 0 left on base; Baltimore 0 - Detroit 1 |
| BOTTOM OF THE 2ND |
|
Detroit Tigers batting - Pitching for Baltimore Orioles : RHP Sean Parks
|
|
Batting: RHB Chris Wheatley
|
0-0: Foul Ball, location: 2F 0-1: Foul Ball, location: 2F 0-2: Ball 1-2: Ball 2-2: Strikes out swinging
|
|
Batting: RHB Victor Quinones
|
0-0: Ball 1-0: Ball 2-0: Ball 3-0: Base on Balls
|
|
Batting: RHB Adrian Novakovic
|
0-0: Called Strike Victor Quinones steals 2nd base 0-1: SINGLE (Groundball, 6MD, EV 100.0 MPH) Victor Quinones to third Runner from 3rd tries for Home, throw by CF and OUT! 8-2 Adrian Novakovic to second
|
|
Batting: RHB Dave Reynolds
|
0-0: Ground out 4-3 (Groundball, 4, EV 100.6 MPH)
|
| Bottom of the 2nd over - 0 runs, 1 hit, 0 errors, 1 left on base; Baltimore 0 - Detroit 1 |
| TOP OF THE 3RD |
|
Baltimore Orioles batting - Pitching for Detroit Tigers : LHP Eddie Grape
|
|
Batting: RHB Ruben Garza
|
0-0: Fly out, F7 (Flyball, 7LS, EV 94.4 MPH)
|
|
Batting: RHB Jeremy Giesler
|
0-0: Foul Ball, location: 2F 0-1: SINGLE (Groundball, 4, EV 96.9 MPH)
|
|
Batting: RHB Carlos Talavera
|
0-0: Ball 1-0: Hit by Pitch Jeremy Giesler to second
|
|
Batting: RHB Andres Leon
|
0-0: Foul Ball, location: 2F 0-1: Foul Ball, location: 2F 0-2: Ball 1-2: Strikes out swinging
|
|
Batting: RHB Marc Peckermark
|
0-0: Ball 1-0: Fly out, F3 (Popup, 23F, EV 81.2 MPH)
|
| Top of the 3rd over - 0 runs, 1 hit, 0 errors, 2 left on base; Baltimore 0 - Detroit 1 |
| BOTTOM OF THE 3RD |
|
Detroit Tigers batting - Pitching for Baltimore Orioles : RHP Sean Parks
|
|
Batting: RHB Greg Harman
|
0-0: Swinging Strike 0-1: Ball 1-1: Swinging Strike 1-2: Strikes out looking
|
|
Batting: LHB Morgan Black
|
0-0: Called Strike 0-1: Called Strike 0-2: Ground out 1-3 (Groundball, 13, EV 74.4 MPH)
|
|
Batting: LHB Emmanuel Gaskin
|
0-0: Foul Ball, location: 2F 0-1: Foul Ball, location: 2F 0-2: Ball 1-2: Ball 2-2: SINGLE (Groundball, 6MS, EV 65.6 MPH) (infield hit)
|
|
Batting: RHB Ryan Neal
|
0-0: Called Strike 0-1: Ball 1-1: Ball 2-1: Foul Ball, location: 2F 2-2: Foul Ball, location: 2F 2-2: Strikes out swinging
|
| Bottom of the 3rd over - 0 runs, 1 hit, 0 errors, 1 left on base; Baltimore 0 - Detroit 1 |
| TOP OF THE 4TH |
|
Baltimore Orioles batting - Pitching for Detroit Tigers : LHP Eddie Grape
|
|
Batting: SHB Jason Hayes
|
0-0: Called Strike 0-1: Foul Ball, location: 2F 0-2: Foul Ball, location: 2F 0-2: Ball 1-2: Foul Ball, location: 2F 1-2: SINGLE (Line Drive, 3D, EV 95.6 MPH)
|
|
Batting: LHB Brad Pepin
|
0-0: Foul Ball, location: 2F 0-1: Ball 1-1: Ball 2-1: Ball 3-1: Foul Ball, location: 2F 3-2: SINGLE (Flyball, 6D, EV 88.8 MPH) Jason Hayes to second
|
|
Batting: RHB Kevin Howard
|
0-0: Ball 1-0: Swinging Strike 1-1: Ball 2-1: Ball 3-1: Base on Balls Jason Hayes to third Brad Pepin to second
|
|
Batting: RHB Alex Rodriguez Jr.
|
0-0: Called Strike 0-1: Ball 1-1: Swinging Strike 1-2: Foul Ball, location: 2F 1-2: Ball 2-2: Foul Ball, location: 2F 2-2: Strikes out swinging
|
|
Batting: RHB Ruben Garza
|
0-0: Ball 1-0: Ball 2-0: Called Strike 2-1: Foul Ball, location: 2F 2-2: Ball 3-2: Foul Ball, location: 2F 3-2: Foul Ball, location: 2F 3-2: Strikes out swinging
|
|
Batting: RHB Jeremy Giesler
|
0-0: Called Strike 0-1: Called Strike 0-2: Strikes out swinging
|
| Top of the 4th over - 0 runs, 2 hits, 0 errors, 3 left on base; Baltimore 0 - Detroit 1 |
| BOTTOM OF THE 4TH |
|
Detroit Tigers batting - Pitching for Baltimore Orioles : RHP Sean Parks
|
|
Batting: RHB Luke Feeney
|
0-0: Ball 1-0: Ball 2-0: Ball 3-0: Called Strike 3-1: Base on Balls
|
|
Batting: RHB Chris Wheatley
|
0-0: Ball 1-0: Ball 2-0: Fly out, F7 (Flyball, 7LM, EV 81.9 MPH)
|
|
Batting: RHB Victor Quinones
|
0-0: Called Strike 0-1: Foul Ball, location: 2F 0-2: 2-RUN HOME RUN (Flyball, 8LXD, EV 108.8 MPH), Distance : 445 ft
|
|
Batting: RHB Adrian Novakovic
|
0-0: Ground out 5-3 (Groundball, 56S, EV 95.0 MPH)
|
|
Batting: RHB Dave Reynolds
|
0-0: Ball 1-0: Ball 2-0: Called Strike 2-1: Foul Ball, location: 2F 2-2: Ball 3-2: Base on Balls
|
|
Batting: RHB Greg Harman
|
0-0: Ball 1-0: Foul Ball, location: 2F 1-1: Fielders Choice at 2nd, 6-4 (Groundball, 6, EV 91.2 MPH)
|
| Bottom of the 4th over - 2 runs, 1 hit, 0 errors, 1 left on base; Baltimore 0 - Detroit 3 |
| TOP OF THE 5TH |
|
Baltimore Orioles batting - Pitching for Detroit Tigers : LHP Eddie Grape
|
|
Batting: RHB Carlos Talavera
|
0-0: Ground out 3-1 (Groundball, 34S, EV 83.8 MPH)
|
|
Batting: RHB Andres Leon
|
0-0: Called Strike 0-1: Swinging Strike 0-2: Foul Ball, location: 2F 0-2: Ball 1-2: Ball 2-2: SINGLE (Groundball, 5S, EV 69.4 MPH) (infield hit)
|
|
Batting: RHB Marc Peckermark
|
0-0: Called Strike Andres Leon is caught stealing 2nd base 2-4 0-1: SINGLE (Groundball, 4MS, EV 68.1 MPH) (infield hit)
|
|
Batting: SHB Jason Hayes
|
0-0: Fly out, F9 (Flyball, 9LM, EV 80.6 MPH)
|
| Top of the 5th over - 0 runs, 2 hits, 0 errors, 1 left on base; Baltimore 0 - Detroit 3 |
| BOTTOM OF THE 5TH |
|
Detroit Tigers batting - Pitching for Baltimore Orioles : RHP Sean Parks
|
|
Batting: LHB Morgan Black
|
0-0: Called Strike 0-1: Ball 1-1: Ball 2-1: Ball 3-1: SINGLE (Line Drive, 8LS, EV 98.1 MPH)
|
|
Batting: LHB Emmanuel Gaskin
|
0-0: Ball 1-0: Called Strike 1-1: Ball 2-1: Grounds into double play, 4-6-3 (Groundball, 34D, EV 85.0 MPH)
|
|
Batting: RHB Ryan Neal
|
0-0: Ball 1-0: Called Strike 1-1: Ball 2-1: Foul Ball, location: 2F 2-2: Ground out 6-3 (Groundball, 56D, EV 90.0 MPH)
|
| Bottom of the 5th over - 0 runs, 1 hit, 0 errors, 0 left on base; Baltimore 0 - Detroit 3 |
| TOP OF THE 6TH |
|
Baltimore Orioles batting - Pitching for Detroit Tigers : LHP Eddie Grape
|
|
Batting: LHB Brad Pepin
|
0-0: Called Strike 0-1: Swinging Strike 0-2: SOLO HOME RUN (Line Drive, 89XD, EV 116.9 MPH), Distance : 435 ft
|
|
Batting: RHB Kevin Howard
|
0-0: Ball 1-0: Ball 2-0: Called Strike 2-1: SINGLE (Line Drive, 4M, EV 106.2 MPH)
|
|
Batting: RHB Alex Rodriguez Jr.
|
0-0: Called Strike 0-1: Foul Ball, location: 2F 0-2: Fly out, F8 (Flyball, 8RD, EV 79.4 MPH)
|
|
Batting: RHB Ruben Garza
|
0-0: Foul Ball, location: 2F 0-1: Ball 1-1: Foul Ball, location: 2F 1-2: Ball 2-2: Foul Ball, location: 2F 2-2: Fly out, F8 (Flyball, 78D, EV 94.4 MPH)
|
|
Batting: RHB Jeremy Giesler
|
0-0: Ball 1-0: Ball 2-0: Called Strike 2-1: Foul Ball, location: 2F 2-2: Ball 3-2: Strikes out swinging
|
| Top of the 6th over - 1 run, 2 hits, 0 errors, 1 left on base; Baltimore 1 - Detroit 3 |
| BOTTOM OF THE 6TH |
|
Detroit Tigers batting - Pitching for Baltimore Orioles : RHP Sean Parks
|
|
Batting: RHB Luke Feeney
|
0-0: Ball 1-0: Called Strike 1-1: Fly out, F8 (Line Drive, 8LD, EV 101.2 MPH)
|
|
Batting: RHB Chris Wheatley
|
0-0: Swinging Strike 0-1: SINGLE (Line Drive, 8RS, EV 109.4 MPH)
|
|
Batting: RHB Victor Quinones
|
0-0: Ball 1-0: Fly out, F8 (Flyball, 8RM, EV 78.8 MPH)
|
|
Batting: RHB Adrian Novakovic
|
0-0: Ball 1-0: Swinging Strike 1-1: Ball 2-1: Ball 3-1: Swinging Strike 3-2: Foul Ball, location: 2F 3-2: Strikes out looking
|
| Bottom of the 6th over - 0 runs, 1 hit, 0 errors, 1 left on base; Baltimore 1 - Detroit 3 |
| TOP OF THE 7TH |
|
Baltimore Orioles batting - Pitching for Detroit Tigers : LHP Eddie Grape
|
|
Batting: RHB Carlos Talavera
|
0-0: Called Strike 0-1: Ball 1-1: Ball 2-1: Fly out, F9 (Flyball, 9LM, EV 91.2 MPH)
|
|
Pitching: RHP Andres de Leon
|
|
|
Batting: RHB Andres Leon
|
0-0: Called Strike 0-1: Ball 1-1: Swinging Strike 1-2: Strikes out swinging
|
|
Batting: RHB Marc Peckermark
|
0-0: Ground out 5-3 (Groundball, 56, EV 91.9 MPH)
|
| Top of the 7th over - 0 runs, 0 hits, 0 errors, 0 left on base; Baltimore 1 - Detroit 3 |
| BOTTOM OF THE 7TH |
|
Detroit Tigers batting - Pitching for Baltimore Orioles : RHP Sean Parks
|
|
Batting: RHB Dave Reynolds
|
0-0: Ball 1-0: Foul Ball, location: 2F 1-1: Ball 2-1: DOUBLE (Line Drive, 78D, EV 102.5 MPH)
|
|
Pitching: RHP Joon-ho Rhee
|
|
|
Batting: RHB Greg Harman
|
0-0: Swinging Strike 0-1: Called Strike 0-2: Ball 1-2: Ball 2-2: TRIPLE (Line Drive, 89XD, EV 103.8 MPH) Dave Reynolds scores
|
|
Batting: LHB Morgan Black
|
0-0: Called Strike 0-1: Ball 1-1: DOUBLE (Groundball, 3L, EV 103.1 MPH) Greg Harman scores
|
|
Batting: LHB Emmanuel Gaskin
|
0-0: Ball 1-0: Called Strike 1-1: Ball 2-1: Called Strike 2-2: Ball 3-2: SINGLE (Flyball, 6MD, EV 99.4 MPH) Morgan Black to third
|
|
Batting: RHB Ryan Neal
|
0-0: Foul Ball, location: 2F 0-1: Swinging Strike 0-2: SINGLE (Flyball, 5D, EV 91.2 MPH) Morgan Black scores Emmanuel Gaskin to second
|
|
Batting: RHB Luke Feeney
|
0-0: Grounds into double play, 5-4-3 (Groundball, 56, EV 85.6 MPH) Emmanuel Gaskin to third
|
|
Batting: RHB Chris Wheatley
|
0-0: Ball 1-0: Foul Ball, location: 2F 1-1: Ball 2-1: Ball 3-1: Foul Ball, location: 2F 3-2: Fly out, F9 (Flyball, 9D, EV 97.5 MPH)
|
| Bottom of the 7th over - 3 runs, 5 hits, 0 errors, 1 left on base; Baltimore 1 - Detroit 6 |
| TOP OF THE 8TH |
|
Baltimore Orioles batting - Pitching for Detroit Tigers : RHP Andres de Leon
|
|
Batting: SHB Jason Hayes
|
0-0: Ball 1-0: Ball 2-0: Foul Ball, location: 2F 2-1: DOUBLE (Line Drive, 78D, EV 105.0 MPH)
|
|
Batting: LHB Brad Pepin
|
0-0: Ball Wild Pitch! Jason Hayes to third 1-0: Foul Ball, location: 2F 1-1: Ball 2-1: Foul Ball, location: 2F 2-2: Ground out 5-3 (Groundball, 5L, EV 99.4 MPH) Jason Hayes scores
|
|
Batting: RHB Kevin Howard
|
0-0: Swinging Strike 0-1: Ball 1-1: Foul Ball, location: 2F 1-2: Strikes out looking
|
|
Batting: RHB Alex Rodriguez Jr.
|
0-0: Called Strike 0-1: Ball 1-1: Ball 2-1: Ball 3-1: Foul Ball, location: 2F 3-2: Strikes out swinging
|
| Top of the 8th over - 1 run, 1 hit, 0 errors, 0 left on base; Baltimore 2 - Detroit 6 |
| BOTTOM OF THE 8TH |
|
Detroit Tigers batting - Pitching for Baltimore Orioles : RHP Joon-ho Rhee
|
|
Pitching: RHP Chris Dauphin
|
|
|
Batting: RHB Victor Quinones
|
0-0: Ball 1-0: Foul Ball, location: 2F 1-1: Fly out, F9 (Flyball, 89D, EV 103.1 MPH)
|
|
Batting: RHB Adrian Novakovic
|
0-0: Swinging Strike 0-1: Swinging Strike 0-2: Ground out 6-3 (Groundball, 6, EV 83.1 MPH)
|
|
Batting: RHB Dave Reynolds
|
0-0: Called Strike 0-1: Swinging Strike 0-2: Ball 1-2: Ball 2-2: DOUBLE (Flyball, 8LXD, EV 95.0 MPH)
|
|
Batting: RHB Greg Harman
|
0-0: Ball 1-0: Swinging Strike 1-1: Foul Ball, location: 2F 1-2: Strikes out swinging
|
| Bottom of the 8th over - 0 runs, 1 hit, 0 errors, 1 left on base; Baltimore 2 - Detroit 6 |
| TOP OF THE 9TH |
|
Baltimore Orioles batting - Pitching for Detroit Tigers : RHP Andres de Leon
|
|
Batting: RHB Ruben Garza
|
0-0: Called Strike 0-1: Ball 1-1: Foul Ball, location: 2F 1-2: Foul Ball, location: 2F 1-2: SINGLE (Line Drive, 6MD, EV 104.4 MPH)
|
|
Batting: RHB Jeremy Giesler
|
0-0: Called Strike 0-1: Swinging Strike 0-2: Foul Ball, location: 2F 0-2: 2-RUN HOME RUN (Flyball, 7D, EV 101.2 MPH) (Inside the Park)
|
|
Pitching: RHP Eric Putnam
|
|
|
Pinch Hitting: LHB Stu Sornson
|
0-0: Ball 1-0: Ball 2-0: Foul Ball, location: 2F 2-1: Foul Ball, location: 2F 2-2: Foul Ball, location: 2F 2-2: Ball 3-2: Ground out 4-3 (Groundball, 4, EV 85.0 MPH)
|
|
Pinch Hitting: LHB Paul Diaz
|
0-0: Called Strike 0-1: Ground out U3 (Groundball, 34, EV 87.5 MPH)
|
|
Batting: RHB Marc Peckermark
|
0-0: Ball 1-0: DOUBLE (Line Drive, 9LS, EV 93.8 MPH)
|
|
Batting: SHB Jason Hayes
|
0-0: Called Strike 0-1: Ball 1-1: Foul Ball, location: 2F 1-2: Foul Ball, location: 2F 1-2: Ball 2-2: Strikes out swinging
|
| Top of the 9th over - 2 runs, 3 hits, 0 errors, 1 left on base; Baltimore 4 - Detroit 6 |
|